 Dungeon Crawl Stone Soup version 0.28-b1-25-g9875b3fc8c (webtiles) character file.

Game seed: 7958165185209808631

4 vvl the Insei (level 1, -1/17 HPs)
             Began as a Djinni Transmuter on Feb 2, 2022.
             Slain by a ball python (2 damage)
             ... on level 1 of the Dungeon.
             The game lasted 00:00:55 (47 turns).

vvl the Insei (Djinni Transmuter)                     Turns: 47, Time: 00:00:56

Health: -1/17      AC:  2    Str:  9    XL:     1   Next: 66%
Gold:   0          EV: 12    Int: 14    God:
                   SH:  0    Dex: 13

rFire   + + .      SeeInvis .     - Unarmed
rCold   x . .      Faith    .   (no shield)
rNeg    . . .      Spirit   .   a - +0 robe
rPois   ∞          Reflect  .   (helmet currently unavailable)
rElec   .          Harm     .   (no cloak)
rCorr   .          Rampage  .   (no gloves)
Will    .....                   (boots unavailable)
Stlth   +.........              (no amulet)
HPRegen 0.05/turn               (no ring)
MPRegen 0.00/turn               (no ring)

@: appendages (expiring), flying
A: horns 2, flying, sickness immunity, fire resistance 2, cold vulnerability 1,
float, innate caster, HP casting, extra vitality 1
a: End Transformation


You were on level 1 of the Dungeon.
You had temporarily grown beastly horns.
You visited 1 branch of the dungeon, and saw 1 of its levels.

Inventory:

Armour
 a - a +0 robe (worn)


   Skills:
 + Level 1.1 Fighting
 + Level 2.2 Dodging
 * Level 3.1 Unarmed Combat
 * Level 1.6 Spellcasting


You couldn't memorise any spells.
You knew the following spells:

 Your Spells              Type           Power      Damage    Failure   Level
a - Beastly Appendage     Tmut           10%        N/A       12%         1
b - Wereblood             Tmut           5%         N/A       19%         2
c - Spider Form           Tmut/Pois      5%         N/A       36%         3
d - Ice Form              Ice/Tmut       5%         N/A       77%         4
Your spell library was empty.

Dungeon Overview and Level Annotations

Branches:
Dungeon (1/15)

Altars:

Shops:
D:1 *


Innate Abilities, Weirdness & Mutations

You have temporarily grown beastly horns.
You are flying.
You are immune to sickness and miasma.
You are immune to poison.
Your flesh is very heat resistant. (rF++)
You are vulnerable to cold. (rC-)
You float through the air rather than walking.
You learn spells naturally, not from books.
Your magical power is your life essence.
You have superior vitality. (+4 MHP)


Message History

You hit the jackal.
The jackal is moderately wounded.
The jackal closely misses you.
Casting: Beastly Appendage (safe; 13% risk of failure)
Confirm with . or Enter, or press ? or * to list all spells.
You grow a pair of large bovine horns.
The jackal barely misses you.
You hit the jackal but do no damage. Your headbutt misses the jackal.
The jackal is moderately wounded.
The jackal misses you.
You hit the jackal but do no damage. Your headbutt misses the jackal.
The jackal is moderately wounded.
Your transformation is almost over.
The jackal misses you. The jackal closely misses you.
You miss the jackal. You headbutt the jackal.
The jackal is severely wounded.
The jackal bites you.
You hit the jackal but do no damage.
The jackal is severely wounded.
The jackal bites you.
You hit the jackal.
You kill the jackal!
The jackal bites you.
* * * LOW HITPOINT WARNING * * *
You hit the jackal.
The jackal is severely wounded.
The jackal closely misses you.
You hit the jackal but do no damage.
The jackal is severely wounded.
The jackal bites you.
* * * LOW HITPOINT WARNING * * *
You closely miss the jackal.
The jackal is severely wounded.
The jackal barely misses you. The jackal bites you.
* * * LOW HITPOINT WARNING * * *
You hit the jackal.
You kill the jackal!
You hit the ball python.
The ball python is moderately wounded.
The ball python bites you.
You die... #.... ...## ...PPPPP♣PPP♣.# ...# .P.PPPP♣P.PPPP# #..## PP.PPP.PP♣PPPP#

#...### .♣.P..PP.PPP.P
##.....##### ♣P.PPPP.♣♣.P♣
#..#.#.#⌠.⌠#####
################S##hS.#.∩......
...............#@###..h⌠.⌠.....
......<..........# ##.#........
.................# #.####.....
################## ... ....


♣PPP.PPPPPPPP ..... ... PPPP♣♣.P♣PP♣PP# ....... .. PP.PPPPPP.P♣P♣# #........ .
♣P.P.♣PPPPPP P ......"..# ♣P♣♣P♣PPPPP.♣ You could see a ball python.

Vanquished Creatures
  3 jackals (D:1)
3 creatures vanquished.

Notes
Turn   | Place    | Note
-------+----------+-------------------------------------------
     0 | D:1      | vvl the Djinni Transmuter began the quest for the Orb.
     0 | D:1      | Reached XP level 1. HP: 17/17 MP: 0/0
    17 | D:1      | Found Doclo's Assorted Antiques.
    47 | D:1      | Slain by a ball python

Illustrated notes

Levels and vault maps discovered:
D:1:      minmay_arrival_arboretum_large, layout_rooms, serial_shops,
          shop_fountains, shapermc_ecumenical_altar_flowoftime,
          bh_walls_and_bars

Action                   || total
-------------------------++-------
Melee: Unarmed           ||    17
       Headbutt          ||     1
 Cast: Beastly Appendage ||     2
Armor: Robe              ||     3
Dodge: Dodged            ||    13
